 Dungeon Crawl Stone Soup version 0.28.0-53-g5a82cb258f (webtiles) character file.

Game seed: 9238118414886182809

28 safid the Skirmisher (level 3, -1/33 HPs)
             Began as a Hill Orc Fighter on July 16, 2022.
             Slain by Terence
             ... wielding a +0 hand axe
              (5 damage)
             ... on level 2 of the Dungeon.
             The game lasted 00:00:53 (895 turns).

safid the Skirmisher (Hill Orc Fighter)              Turns: 895, Time: 00:00:54

Health: -1/33      AC:  6    Str: 20    XL:     3   Next: 14%
Magic:  3/3        EV:  9    Int:  8    God:
Gold:   15         SH:  4    Dex: 10    Spells: 2/2 levels left

rFire   . . .      SeeInvis .   a - +0 war axe
rCold   . . .      Faith    .   c - +0 buckler
rNeg    . . .      Spirit   .   b - +0 scale mail
rPois   .          Reflect  .   (no helmet)
rElec   .          Harm     .   (no cloak)
rCorr   .          Rampage  .   (no gloves)
Will    .....                   (no boots)
Stlth   ..........              (no amulet)
HPRegen 0.11/turn               (no ring)
MPRegen 0.08/turn               (no ring)

@: no status effects
A: no striking features
a: no special abilities


You were on level 2 of the Dungeon.
You visited 1 branch of the dungeon, and saw 2 of its levels.

You collected 15 gold pieces.

Inventory:

Hand Weapons
 a - a +0 war axe (weapon)
Armour
 b - a +0 scale mail (worn)
 c - a +0 buckler (worn)
Scrolls
 g - a scroll of blinking {unknown}
Potions
 d - a potion of might
 e - a potion of degeneration {unknown}
 f - a potion of berserk rage {unknown}


   Skills:
 - Level 4.0 Fighting
 + Level 3.3 Axes
 + Level 3.6 Armour
 + Level 3.7 Shields


You had 2 spell levels left.
You didn't know any spells.
Your spell library was empty.

Dungeon Overview and Level Annotations

Branches:
Dungeon (2/15)

Altars:

Annotations:
D:2 1 runed translucent door, Crazy Yiuf, Robin, Terence


Message History

The bat hits you but does no damage.
A goblin comes into view. It is wielding a +0 dagger.
The goblin shouts!
You hit Terence.
Terence is almost dead.
You hear a shout!
You block Terence's attack.
Robin of the Strong Arm comes into view.
They are wielding a +0 whip and carrying a wand of flame (22).
You barely miss Terence.
Terence is almost dead.
Terence misses you.
Robin roars a battlecry!
The goblins go into a battle-frenzy!
Terence hits you with a +0 hand axe.
You hear a shout!
You barely miss Terence.
Terence is almost dead.
Terence barely misses you. Robin throws the goblin at you!
Unknown command.
You barely miss Terence.
Terence is almost dead.
You barely miss the goblin. Terence hits you with a +0 hand axe.
The goblin hits you with a +0 dagger.
Unknown command.
You hit the goblin.
The goblin is heavily wounded.
You hit Terence. Terence hits you with a +0 hand axe.
* * * LOW HITPOINT WARNING * * *
You block the goblin's attack. Terence barely misses you.
The goblin hits you but does no damage.
Unknown command.
You hit the goblin.
You kill the goblin!
You hit Terence but do no damage. Terence hits you with a +0 hand axe.
* * * LOW HITPOINT WARNING * * *
Robin throws the goblin at you!
Unknown command.
You barely miss the goblin. You hit Terence but do no damage.
Terence hits you with a +0 hand axe.
You die...

#.# #.# #.# #g#
#.# #g# #g####..##
#.#####@b.......
#.....@#####..##
######g# #.# ##.
#.# #.. #.# #.#
#.# #.# #.# #.#
#.# #.#
#.####.###########


You could see Terence, Robin, 3 goblins and a bat.

Vanquished Creatures
  A worm (D:2)
  A dart slug (D:2)
  2 endoplasms (D:1)
  4 goblins
  3 hobgoblins
  3 bats (D:1)
  2 frilled lizards (D:1)
  4 kobolds (D:1)
20 creatures vanquished.

Notes
Turn   | Place    | Note
-------+----------+-------------------------------------------
     0 | D:1      | safid the Hill Orc Fighter began the quest for the Orb.
     0 | D:1      | Reached XP level 1. HP: 19/19 MP: 1/1
   152 | D:1      | Reached XP level 2. HP: 26/27 MP: 2/2
   749 | D:2      | Found a runed translucent door.
   750 | D:2      | Noticed Crazy Yiuf
   777 | D:2      | Reached skill level 4 in Fighting
   785 | D:2      | Reached XP level 3. HP: 23/33 MP: 3/3
   876 | D:2      | Noticed Terence
   889 | D:2      | Noticed Robin
   895 | D:2      | Slain by Terence

Illustrated notes

Levels and vault maps discovered:
D:1:      dpeg_arrival_arbitrary_b, layout_basic
D:2:      layout_loops_ring, uniq_robin, uniq_jessica, uniq_crazy_yiuf_cottage,
          uniq_terence

Skill      XL: |  1  2 |
---------------+-------+-----
Axes           | 3 |  3.3
Fighting       | 4 |  4.0
Armour         | |  3.6
Shields        | |  3.7

Action                   || total
-------------------------++-------
Melee: War axe           ||    66
Armor: Scale mail        ||    28
Dodge: Dodged            ||    36
Block: Buckler           ||    18
